 Dungeon Sprint DCSS version 0.20-a0-222-gb69ddcd (webtiles) character file.

2364 esc the Grappler (level 9, -4/90 HPs)
             Began as a Troll Monk on Nov 29, 2016.
             Was a Priest of Hepliaklqana.
             Slain by a centaur warrior
             ... wielding a cursed +0 shortbow
              (14 damage)
             ... in the Dungeon (Sprint I: "Red Sonja").
             The game lasted 00:04:26 (685 turns).

esc the Grappler (Troll Monk)                        Turns: 685, Time: 00:04:26

Health: -4/90      AC:  5    Str: 21    XL:     9   Next: 21%
Magic:  10/12      EV: 16    Int:  6    God:    Hepliaklqana [***...]
Gold:   632        SH:  0    Dex: 15    Spells: 8/8 levels left

rFire  . . .     SeeInvis .       - Unarmed
rCold  . . .     Gourm    +     a - +0 robe
rNeg   . . .     Faith    .     (no shield)
rPois  .         Spirit   .     (helmet restricted)
rElec  .         Reflect  .     (no cloak)
rCorr  .         Harm     .     (gloves unavailable)
MR     .....     NoTele   +     (boots unavailable)
Stlth  ++........               (no amulet)
                                (no ring)
                                (no ring)

@: no status effects
A: unfitting armour, reduced essence, claws 3, fast metabolism 3, gourmand,
regeneration 1, shaggy fur 1, tough skin 2
a: Recall Ancestor, Ancestor Identity, Transference, Renounce Religion


You were in the Dungeon.
You worshipped Hepliaklqana.
Hepliaklqana was most pleased with you.
You were not hungry.

You visited 1 branch You collected 632 gold pieces.

Inventory:

Missiles
 j - 3 curare-tipped needles
Armour
 a - a +0 robe (worn)
Scrolls
 g - a scroll of identify {unknown}
 h - a scroll of blinking {!r}
Potions
 e - a potion of haste
 f - 2 potions of magic
 i - a potion of invisibility {unknown}
 m - a potion of agility {unknown}
 n - 2 potions of resistance {unknown}
Comestibles
 b - 2 bread rations {@e1}
 k - a royal jelly
 l - a beef jerky


   Skills:
 + Level 10.2 Fighting
 + Level 10.2 Dodging
 - Level 1.0 Stealth
 + Level 11.9 Unarmed Combat
 + Level 5.3 Invocations


You had 8 spell levels left.
You didn't know any spells.

Dungeon Overview and Level Annotations

Branches:
Dungeon (1/1)

Altars:
Cheibriados
Dithmenos
Elyvilon
Fedhas
Gozag
Hepliaklqana
Kikubaaqudgha
Makhleb
Nemelex Xobeh
Okawaru
Qazlal
Ru
Sif Muna
Trog
Uskayaw
Vehumet
Xom
Yredelemnul
Zin
The Shining One
Jiyva
Lugonu

Shops:
D (%[

Annotations:
D Sonja


Innate Abilities, Weirdness & Mutations

You are too large for most types of armour.
You have claws for hands.
Your metabolism is lightning-fast.
You like to eat raw meat.
Your natural rate of healing is unusually fast.
You are covered in fur. (AC +1)
You have very tough skin. (AC +2)
Your life essence is reduced. (-10% HP)


Message History

Ælfric avoids triggering an arrow trap.
There is an open door here.
There is an open door here.
There is an open door here.
There is an open door, spattered with blood here.
You open the door.
There is an open door here.
k - a royal jelly
l - a beef jerky You swap places.
m - a puce potion
n - 2 smoky sapphire potions You swap places.
You open the door. 2 centaur warriors come into view.
There is an open door here.
You can now swap creatures with your ancestor.
There is an open door here.
The centaur warrior wields a longbow.
The centaur warrior shoots an arrow.
The arrow hits you!
You take 13 damage, and have 70/83 hp.
What are your orders? t - Shout!
Orders for allies: a - Attack new target. r - Retreat! s - Stop attacking. g - Guard the area. f - Follow me.
Anything else - Cancel.
Gang up on whom?
Aim: a centaur warrior, wielding a longbow (purple smoke) Attack!
The centaur warrior unwields an uncursed longbow.
The centaur warrior hits Ælfric.
Something hits Ælfric!
The centaur warrior wields an uncursed longbow.
The centaur warrior shoots an arrow.
The arrow misses Ælfric.
The arrow hits you. Ælfric casts a spell at the centaur warrior.
The puff of frost hits the centaur warrior.
You take 5 damage, and have 66/83 hp.
Something hits Ælfric!
The centaur warrior shoots an arrow.
The arrow hits Ælfric!! Ælfric is destroyed!
You hear a shout!
The centaur warrior shouts!
The centaur warrior unwields an uncursed longbow.
The centaur warrior hits you!
The centaur warrior wields a shortbow.
The centaur warrior shoots an arrow.
The arrow hits you!
There is an open door, spattered with blood here.
You see here 2 arrows.
You take 26 damage, and have 40/83 hp.
MASSIVE DAMAGE!!
Okay, then.
You enter the shallow water.
Moving in this stuff is going to be slow.
The centaur warrior hits you.
The centaur warrior hits you but does no damage.
The centaur warrior hits you.
The centaur warrior hits you but does no damage.
The centaur warrior hits you.
You take 6 damage, and have 34/83 hp.
Okay, then.
You mangle the centaur warrior!!
The centaur warrior hits you with a shortbow!
The centaur warrior barely misses you.
You take 7 damage, and have 27/83 hp.
You scratch the centaur warrior.
The centaur warrior hits you with a shortbow!
* * * LOW HITPOINT WARNING * * *
The centaur warrior hits you.
* * * LOW HITPOINT WARNING * * *
You take 13 damage, and have 14/83 hp.
You feel much better.
The centaur warrior completely misses you. x2
The centaur warrior hits you with a shortbow!
You regained 19 hp, and now have 33/83 hp.
You claw the centaur warrior!
You kill the centaur warrior!
You hear a splash. x2
Your Fighting skill increases to level 10!
Your Dodging skill increases to level 10!
Your Invocations skill increases to level 5!
You have reached level 9!
Your experience leads to an increase in your attributes!
Increase (S)trength, (I)ntelligence, or (D)exterity?
You feel agile.
You feel stronger.
The centaur warrior hits you with a shortbow!
You take 5 damage, and have 28/90 hp.
You mangle the centaur warrior!!
The centaur warrior hits you with a shortbow!
* * * LOW HITPOINT WARNING * * *
You take 15 damage, and have 13/90 hp.
The centaur warrior hits you with a shortbow.
* * * LOW HITPOINT WARNING * * *
You scratch the centaur warrior.
The centaur warrior hits you with a shortbow!
* * * LOW HITPOINT WARNING * * *
You take 8 damage, and have 5/90 hp.
You feel better. The centaur warrior misses you.
The centaur warrior hits you with a shortbow!
You die...

#######################
#..)..#.)'..#__#..)...#
'..#..'..#..'..'..#...#
#####'#####'#__####...+
####..#...#(####§§#####
#__####..##.#§§§§.#
#_____##'#..+§§§@§+
#_.∩...'..._#≈§§c.#
#_..__##_.#'##§####
#_____###'#.#§§(.###
#########.####'###.##
.......'...'.....')∩#
++++####...##########
##.## #+#


You could see a centaur warrior.

Vanquished Creatures
  A centaur warrior (D)
  2 kobold demonologists (D)
  Sigmund (D)
  A yak (D)
  A floating eye (D)
  An ogre (D)
  A jelly (D)
  Ijyb (D)
9 creatures vanquished.

Vanquished Creatures (collateral kills)
  A deep troll (D)
  A slime creature (D)
2 creatures vanquished.

Vanquished Creatures (others)
  A battlemage (D)
1 creature vanquished.

Grand Total: 12 creatures vanquished

Notes
Turn   | Place    | Note
-------+----------+-------------------------------------------
     0 | D        | esc the Troll Monk began the quest for the Orb.
     0 | D        | Reached XP level 1. HP: 22/22 MP: 0/0
     1 | D        | Noticed Ijyb
    15 | D        | Killed Ijyb
    15 | D        | Reached skill level 3 in Fighting
    15 | D        | Reached skill level 3 in Dodging
    15 | D        | Reached skill level 4 in Unarmed Combat
    15 | D        | Reached XP level 2. HP: 30/31 MP: 1/1
    17 | D        | Noticed an ogre
    21 | D        | Killed an ogre
    21 | D        | Reached skill level 5 in Fighting
    21 | D        | Reached skill level 5 in Dodging
    21 | D        | Reached skill level 6 in Unarmed Combat
    21 | D        | Reached XP level 3. HP: 42/42 MP: 2/2
    21 | D        | Reached XP level 4. HP: 50/50 MP: 3/3
    55 | D        | Noticed Sigmund
    71 | D        | Killed Sigmund
    71 | D        | Reached skill level 6 in Fighting
    71 | D        | Reached skill level 6 in Dodging
    71 | D        | Reached skill level 7 in Unarmed Combat
    71 | D        | Reached XP level 5. HP: 33/61 MP: 4/4
   127 | D        | Found a deep blue altar of Sif Muna.
   129 | D        | Found a radiant altar of Vehumet.
   138 | D        | Reached skill level 8 in Unarmed Combat
   138 | D        | Reached XP level 6. HP: 36/68 MP: 5/5
   209 | D        | Found Necyedimn's Food Emporium.
   209 | D        | Found an ancient bone altar of Kikubaaqudgha.
   209 | D        | Found a hazy altar of Hepliaklqana.
   209 | D        | Found a stormy altar of Qazlal.
   209 | D        | Found a hide-covered altar of Uskayaw.
   209 | D        | Found a blossoming altar of Fedhas.
   209 | D        | Found a bloodstained altar of Trog.
   209 | D        | Found an iron altar of Okawaru.
   209 | D        | Found a basalt altar of Yredelemnul.
   209 | D        | Found a glowing golden altar of the Shining One.
   209 | D        | Found a snail-covered altar of Cheibriados.
   209 | D        | Found a sacrificial altar of Ru.
   209 | D        | Found a glowing silver altar of Zin.
   209 | D        | Found a shadowy altar of Dithmenos.
   209 | D        | Found a white marble altar of Elyvilon.
   209 | D        | Noticed a yak
   217 | D        | HP: 11/68 [yak (17)]
   218 | D        | Killed a yak
   218 | D        | Reached skill level 7 in Fighting
   218 | D        | Reached skill level 7 in Dodging
   219 | D        | Found an opulent altar of Gozag.
   220 | D        | Found a sparkling altar of Nemelex Xobeh.
   318 | D        | Became a worshipper of Hepliaklqana the Forgotten
   318 | D        | Reached * piety under Hepliaklqana
   318 | D        | Reached ** piety under Hepliaklqana
   319 | D        | Remembered your ancestor Ælfric as a battlemage
   336 | D        | Found a burning altar of Makhleb.
   336 | D        | Found a shimmering altar of Xom.
   336 | D        | Noticed a slime creature
   344 | D        | Killed a slime creature
   344 | D        | Reached skill level 8 in Fighting
   344 | D        | Reached skill level 8 in Dodging
   344 | D        | Reached skill level 9 in Unarmed Combat
   344 | D        | Reached XP level 7. HP: 71/72 MP: 6/6
   345 | D        | Found a viscous altar of Jiyva.
   345 | D        | Found a corrupted altar of Lugonu.
   358 | D        | Noticed a kobold demonologist
   359 | D        | Noticed a kobold demonologist
   366 | D        | Killed a kobold demonologist
   366 | D        | Reached skill level 10 in Unarmed Combat
   369 | D        | Killed a kobold demonologist
   369 | D        | Reached skill level 9 in Fighting
   369 | D        | Reached skill level 9 in Dodging
   369 | D        | Reached skill level 2 in Invocations
   369 | D        | Reached XP level 8. HP: 80/82 MP: 6/8
   388 | D        | Noticed Sonja
   482 | D        | Noticed a deep troll
   487 | D        | HP: 9/82 [deep troll (14)]
   491 | D        | Killed a deep troll
   491 | D        | Reached skill level 11 in Unarmed Combat
   491 | D        | Reached skill level 4 in Invocations
   506 | D        | Found Taac's Armour Emporium.
   619 | D        | Found Unogarhoto's Weapon Boutique.
   666 | D        | Noticed a centaur warrior
   666 | D        | Noticed a centaur warrior
   670 | D        | Reached *** piety under Hepliaklqana
   679 | D        | HP: 15/83 [centaur warrior/shortbow (13)]
   681 | D        | Killed a centaur warrior
   681 | D        | Reached skill level 10 in Fighting
   681 | D        | Reached skill level 10 in Dodging
   681 | D        | Reached skill level 5 in Invocations
   681 | D        | Reached XP level 9. HP: 35/90 MP: 10/12
   684 | D        | HP: 5/90 [centaur warrior/shortbow (9)]
   685 | D        | Slain by a centaur warrior

Vault maps used:
D:        dungeon_sprint_1

Skill      XL: |  1  2  3  4  5  6  7  8 |
---------------+-------------------------+-----
Fighting       | 3 5 6 8 9 10 | 10.2
Dodging        | 3 5 6 8 9 10 | 10.2
Unarmed Combat | 4 6 7 8 9 10 11 | 11.9
Invocations    | 2 5 |  5.3
Stealth        | |  1.0

Action                   |  1- 3 |  4- 6 |  7- 9 || total
-------------------------+-------+-------+-------++-------
Melee: Unarmed           |    15 |    30 |    17 ||    62
       Punch             |       |     3 |     2 ||     5
Invok: Ancestor Life: Ba |       |     1 |       ||     1
  Use: Potion            |     1 |       |     2 ||     3
 Stab: Distracted        |       |       |     1 ||     1
  Eat: Chunk             |       |     4 |     2 ||     6
Armor: Robe              |     4 |     2 |     3 ||     9
Dodge: Dodged            |     6 |     5 |    12 ||    23

Vault maps used:
D:        dungeon_sprint_1

Table legend:
 A = Turns spent in this place as a percentage of turns spent in the entire game.
 B = Non-inter-level travel turns spent in this place as a percentage of non-inter-level travel turns spent in the entire game.
 C = Inter-level travel turns spent in this place as a percentage of turns spent in this place.
 D = Turns resting spent in this place as a percentage of non-inter-level travel turns spent in this place.
 E = Turns spent auto-exploring this place as a percentage of non-inter-level travel turns spent in this place.
 F = Non-inter-level travel turns spent in this place divided by the number of levels of this place that you've seen.
                   A       B       C       D       E      F
               +-------+-------+-------+-------+-------+----------------------
         Total | 100.0 | 100.0 |   0.0 |   5.0 |   0.0 | 340.0
       Dungeon | 100.0 | 100.0 |   0.0 |   5.0 |   0.0 | 340.0
               +-------+-------+-------+-------+-------+----------------------

Table legend:
 A = Kills in this place as a percentage of kills in entire the game.
 B = Kills by you in this place as a percentage of kills by you in the entire game.
 C = Kills by friends in this place as a percentage of kills by friends in the entire game.
 D = Other kills in this place as a percentage of other kills in the entire game.
 E = Experience gained in this place as a percentage of experience gained in the entire game.
 F = Experience gained in this place divided by the number of levels of this place that you have seen.
                   A       B       C       D       E      F
               +-------+-------+-------+-------+-------+----------------------
         Total | 100.0 | 100.0 | 100.0 |  -nan | 100.0 | 3378.0
       Dungeon | 100.0 | 100.0 | 100.0 |  -nan | 100.0 | 3378.0
               +-------+-------+-------+-------+-------+----------------------
